 Dungeon Crawl Stone Soup version 0.28.0-53-g5a82cb258f (webtiles) character file.

Game seed: 8900757666378608528

6 gobodom the Grave Robber (level 1, -1/13 HPs)
             Began as a Demonspawn Necromancer on June 21, 2022.
             Slain by a jackal (2 damage)
             ... on level 1 of the Dungeon.
             The game lasted 00:01:26 (266 turns).

gobodom the Grave Robber (Demonspawn Necromancer)    Turns: 266, Time: 00:01:27

Health: -1/13      AC:  2    Str:  8    XL:     1   Next: 75%
Magic:  1/3        EV: 12    Int: 16    God:
Gold:   6          SH:  0    Dex: 13    Spells: 3/4 levels left

rFire   . . .      SeeInvis .   b - +0 dagger
rCold   . . .      Faith    .   (no shield)
rNeg    . . .      Spirit   .   a - +0 robe
rPois   .          Reflect  .   (no helmet)
rElec   .          Harm     .   (no cloak)
rCorr   .          Rampage  .   (no gloves)
Will    .....                   (no boots)
Stlth   ++........              (no amulet)
HPRegen 0.04/turn               (no ring)
MPRegen 0.08/turn               (no ring)

@: no status effects
A: no striking features
a: no special abilities


You were on level 1 of the Dungeon.
You visited 1 branch of the dungeon, and saw 1 of its levels.

You collected 6 gold pieces.

Inventory:

Hand Weapons
 b - a +0 dagger (weapon)
 e - a +0 short sword
Missiles
 c - 2 stones
Armour
 a - a +0 robe (worn)
Scrolls
 d - a scroll of identify {unknown}


   Skills:
 + Level 1.7 Dodging
 + Level 1.7 Stealth
 + Level 2.1 Spellcasting
 + Level 4.7 Necromancy


You had 3 spell levels left.
You knew the following spells:

 Your Spells              Type           Power      Damage    Failure   Level
a - Pain                  Necr           64%        1d7       3%          1

Your spell library contained the following spells:

 Spells                   Type           Power      Damage    Failure   Level
 Animate Skeleton         Necr           32%        N/A       3%          1
 Vampiric Draining        Necr           16%        2d7       9%          3
 Beastly Appendage        Tmut           2%         N/A       21%         1
 Wereblood                Tmut           1%         N/A       30%         2
 Spider Form              Tmut/Pois      1%         N/A       52%         3
 Animate Dead             Necr           8%         N/A       30%         4
 Agony                    Necr           16%        N/A       63%         5


Dungeon Overview and Level Annotations

Branches:
Dungeon (1/15)

Altars:


Message History

You are too depleted to draw on your mana recklessly!
You barely miss the jackal. The jackal barely misses you.
You closely miss the jackal. The jackal bites you.
You barely miss the jackal. The jackal misses you.
The jackal closely misses you.
The jackal barks!
You hit the jackal but do no damage.
You hear a bark!
The jackal bites you.
You hit the jackal but do no damage. The jackal barely misses you.
The jackal bites you.
Your magical contamination has completely faded away.
You are too injured to fight recklessly!
A jackal comes into view.
The jackal bites you but does no damage.
The jackal barks!
The jackal pauses to sniff the ground.
The jackal misses you. The jackal bites you.
The jackal bites you but does no damage.
Found 4 gold pieces.
Found 2 bubbling puce potions.
The jackal closely misses you.
You are too injured to fight recklessly!
Found 14 bolts.
An endoplasm comes into view.
The jackal bites you.
* * * LOW HITPOINT WARNING * * *
Casting: Pain (safe; 3% risk of failure)
Confirm with . or Enter, or press ? or * to list all spells.
Aiming: Pain (safe; 3% risk of failure)
Press: ? - help, Shift-Dir - straight line, f - jackal
Aim: a jackal (chance to affect: 86%)
The jackal barely resists.
The jackal closely misses you. The jackal barely misses you.
You open the door.
An endoplasm, a bat, a rat and a frilled lizard come into view.
The endoplasm quivers.
The jackal barely misses you. The jackal bites you.
You die...

######.#(. ....J...#..
........#.#.############
........#.#.......##....
.....!..#.####..#....###
......$.#.......#..###
....b.#.h..##...#..####.
......'@hh..............
.r..l.####.##......#####
J.... #.##........# ....
#.##...##...# ...
#.##...##...# ..
#.####..#...# .
#..#....###.# ##.#.##.##
## #.# .#.♣#♣♣#


You could see 2 endoplasms, 3 jackals, a bat (asleep), a frilled lizard (asleep)
and a rat.

Vanquished Creatures
  2 giant cockroaches (D:1)
  A jackal (D:1)
  2 kobolds (D:1)
5 creatures vanquished.

Notes
Turn   | Place    | Note
-------+----------+-------------------------------------------
     0 | D:1      | gobodom the Demonspawn Necromancer began the quest for the
                  | Orb.
     0 | D:1      | Reached XP level 1. HP: 13/13 MP: 3/3
   266 | D:1      | Slain by a jackal

Illustrated notes

Levels and vault maps discovered:
D:1:      pf_arrival_petrified_forest, layout_basic,
          shapermc_ecumenical_altar_hornbeckon, grunt_decor_resistance

Action                   || total
-------------------------++-------
Melee: Unarmed           ||    12
       Dagger            ||     5
 Cast: Pain              ||     7
Armor: Robe              ||     5
Dodge: Dodged            ||    19
